 Dungeon Crawl Stone Soup version 0.22-a0-422-g9628fc8 (webtiles) character file.

333912 Mgcat the Phalangite (level 21, -7/184 HPs)
             Began as a Merfolk Berserker on May 21, 2018.
             Was a High Priest of Trog.
             Killed from afar by a tengu reaver (38 damage)
             ... with a bolt of lightning
             ... led by Sojobo
             ... on level 1 of the Depths on May 22, 2018.
             The game lasted 02:16:42 (41541 turns).

Mgcat the Phalangite (Merfolk Berserker)           Turns: 41541, Time: 02:16:43

Health: -7/184     AC: 35    Str: 28    XL:     21   Next: 83%
Magic:  28/28      EV: 17    Int: 12    God:    Trog [*****.]
Gold:   1419       SH:  0    Dex: 13    Spells: 20/20 levels left

rFire    + + .     SeeInvis +   O - +5 bardiche (freeze)
rCold    . . .     Gourm    .   (shield currently unavailable)
rNeg     . . .     Faith    .   T - +6 plate armour of Wunaitao {rF+ rCorr Int+3}
rPois    +         Spirit   .   p - +2 helmet
rElec    .         Reflect  .   U - +2 cloak {rPois}
rCorr    +         Harm     .   k - +2 pair of gloves
MR       ++++.                  F - +2 pair of boots
Stlth    +.........             a - amulet of regeneration {+regen, !d}
HPRegen  1.80/turn              o - ring "Kanisai" {rF+ Str+3 SInv}
MPRegen  0.21/turn              J - ring of protection from magic {MR+, !d}

@: very slightly contaminated, regenerating, drained
A: change form in water, swift swim, stealthy swim
}: 2/15 runes: serpentine, barnacled
a: Berserk, Trog's Hand, Brothers in Arms, Renounce Religion


You were on level 1 of the Depths.
You worshipped Trog.
Trog was extremely pleased with you.
You were hungry.

You visited 7 branches of the dungeon, and saw 36 of its levels.
You also visited: Labyrinth and Ossuary.

You collected 3865 gold pieces.
You spent 2446 gold pieces at shops.

Inventory:

Hand Weapons
 O - a +5 bardiche of freezing (weapon)
   (Trog gifted it to you on level 6 of the Lair of Beasts)
 P - the +10 glaive of the Pill Bug {freeze, -Tele rElec Dex+2 Stlth+}
   (Trog gifted it to you on level 1 of the Orcish Mines)

   It has been specially enchanted to freeze those struck by it, causing extra
   injury to most foes and up to half again as much damage against particularly
   susceptible opponents.
   It can also slow down cold-blooded creatures.
   It affects your dexterity (+2).
   It insulates you from electricity.
   It prevents most forms of teleportation.
   It makes you more stealthy.
Missiles
 v - 15 curare-tipped needles
 y - 12 throwing nets {=f, !d}
Armour
 k - a +2 pair of gloves (worn)
   (You found it on level 2 of the Dungeon)
 p - a +2 helmet (worn)
   (You found it on level 4 of the Shoals)
 F - a +2 pair of boots (worn)
   (You bought it in a shop on level 7 of the Dungeon)
 S - a +2 pair of boots of flying
   (You found it on level 15 of the Dungeon)
 T - the +6 plate armour of Wunaitao (worn) {rF+ rCorr Int+3}
   (You took it off a merfolk javelineer on level 4 of the Shoals)

   It affects your intelligence (+3).
   It protects you from fire.
   It protects you from acid and corrosion.
 U - a +2 cloak of poison resistance (worn)
   (You took it off Maurice on level 2 of the Orcish Mines)
Jewellery
 a - an amulet of regeneration (around neck) {+regen, !d}
   (You took it off a centaur on level 11 of the Dungeon)
 b - an uncursed ring of positive energy {rN+}
   (You found it on level 7 of the Dungeon)
 o - the ring "Kanisai" (left hand) {rF+ Str+3 SInv}
   (You bought it in a shop on level 2 of the Orcish Mines)

   [ring of strength]

   It affects your strength (+3).
   It protects you from fire.
   It lets you see invisible.
 J - a ring of protection from magic (right hand) {MR+, !d}
   (You found it on level 8 of the Dungeon)
 V - the ring of Wadirph {rElec AC+6 Int+3}
   (You bought it in a shop on level 2 of the Orcish Mines)

   [ring of protection]

   It affects your AC (+6).
   It affects your intelligence (+3).
   It insulates you from electricity.
Wands
 e - a wand of digging (41)
   (You found it on level 13 of the Dungeon)
 j - a wand of iceblast (35)
   (You found it on level 5 of the Dungeon)
 x - a wand of polymorph (20)
   (You found it on level 6 of the Dungeon)
 E - a wand of paralysis (37)
   (You found it in a labyrinth)
 G - a wand of disintegration (45)
   (You found it on level 3 of the Shoals)
 H - a wand of flame (73)
   (You found it on level 3 of the Shoals)
 L - a wand of clouds (4)
   (You found it on level 2 of the Vaults)
 N - a wand of acid (15)
   (You found it on level 3 of the Lair of Beasts)
 Q - a wand of enslavement (14)
   (You found it on level 4 of the Lair of Beasts)
Scrolls
 f - 9 scrolls of fear
 i - 5 scrolls of blinking {!r}
 n - 19 scrolls of teleportation
 q - 19 scrolls of remove curse
 t - 2 scrolls of brand weapon
 w - 2 scrolls of enchant armour
 z - 4 scrolls of summoning
 B - 5 scrolls of fog
 C - 13 scrolls of identify
 I - 6 scrolls of magic mapping {!r}
Potions
 d - 5 potions of flight
 g - 5 potions of lignification {!q}
 h - 5 potions of ambrosia
 l - 12 potions of curing
 m - 2 potions of might
 r - a potion of resistance
 s - 6 potions of haste
 A - 8 potions of agility
 D - 4 potions of mutation {!q}
 K - a potion of cancellation
 W - 2 potions of heal wounds
Miscellaneous
 u - a lightning rod (4/4)
   (You found it on level 1 of the Vaults)
 M - a fan of gales
   (You found it on level 14 of the Dungeon)
 R - a phantom mirror
Comestibles
 c - 55 rations


   Skills:
 + Level 20.5(19.4) Fighting
 + Level 25.2(24.0) Polearms
 + Level 12.0(11.1) Armour
 + Level 18.8(17.8) Dodging
 + Level 14.9(14.0) Stealth
   Level 4.0(3.2) Shields
 - Level 10.0(9.1) Evocations


You had 20 spell levels left.
You didn't know any spells.
Your spell library was empty.

Dungeon Overview and Level Annotations

Branches:
Dungeon (15/15)            Temple (0/1) D:7            Lair (6/6) D:10
 Shoals (4/4) Lair:4        Snake (4/4) Lair:2        Slime (0/5) Lair:6
    Orc (2/2) D:10            Elf (0/3) Orc:2        Vaults (4/5) D:14
  Crypt (0/3) Vaults:2     Depths (1/5) D:15

Altars:
Cheibriados
Fedhas
Kikubaaqudgha
Makhleb
Nemelex Xobeh
Qazlal
Ru
Sif Muna
Trog
Wu Jian
Xom
Yredelemnul

Shops:
D:5 :   D:7 *}?[   Orc:2 }==[   Shoals:2 *   Snake:2 (!(*   Snake:3 *
Vaults:1 }

Portals:
Trove: D:14 (give 2 scrolls of acquirement)

Annotations:
D:4 2 transporters
Depths:1 Sojobo


Message History

Your skin crawls.
You feel resistant to hostile enchantments.
You feel somewhat more hungry.
The vortex of raging winds lifts you up.
You fly up into the air.
The air elemental barely misses you. The air elemental closely misses you.
The air elemental misses you.
A vortex of raging winds appears around the air elemental!
The tengu reaver casts a spell.
The tengu reaver conjures a globe of magical energy!
Send 'em back where they came from!
Trog shields your ally from puny magic! The ettin completely misses you.
The ettin hits you with a dire flail!
A battlesphere comes into view.
Attack whom?
Press: ? - help, Dir - move target cursor, f - Sojobo
Aim: Sojobo, wielding a great sword of electrocution and wearing a glowing ring mail (raging winds, deflecting missiles)
You reach to attack!
You hit Sojobo but do no damage.
You are engulfed in raging winds.
Okay, then.
Unknown command.
Unknown command.
Unknown command.
You hit the frost giant.
The frost giant is heavily wounded.
You are engulfed in raging winds.
The winds around the air elemental start to calm down.
Your cyclops misses the air elemental.
The frost giant hits your cyclops with a battleaxe of freezing!!
The frost giant freezes your cyclops!
Your cyclops dies!
Your cyclops's corpse disappears in a puff of smoke!
The tengu reaver casts a spell at you. The bolt of poison hits you! You resist.
The battlesphere fires!
The barrage of energy hits you!
The air elemental hits you but does no damage.
Your plate armour of Wunaitao prevents you from hitting the tengu reaver.
The tengu reaver is heavily wounded.
You are engulfed in raging winds.
You are feeling hungry.
The frost giant shouts!
The battlesphere is destroyed!
The winds around the air elemental start to calm down.
The air elemental barely misses you.
Sojobo hits you with a great sword of electrocution.
Sojobo pecks you but does no damage. Sojobo claws you but does no damage.
You slice Sojobo!! You freeze Sojobo!
Sojobo is moderately wounded.
You are engulfed in raging winds.
The tengu reaver casts a spell.
The tengu reaver conjures a globe of magical energy!
A battlesphere comes into view.
You miss Sojobo.
Sojobo is moderately wounded.
You are engulfed in raging winds.
The tengu reaver points at you and mumbles some strange words.
The blast of poison engulfs you! You resist.
The frost giant gestures at you while chanting.
The bolt of cold misses you.
The tengu reaver hits you with a battleaxe of draining!
You feel drained. The tengu reaver misses you.
The tengu reaver claws you but does no damage.
Sojobo hits you but does no damage. Sojobo misses you.
Sojobo claws you but does no damage.
The air elemental completely misses you.
You slice Sojobo!! You freeze Sojobo!
Sojobo is heavily wounded.
You float gracefully downwards.
The air elemental barely misses you. The ettin misses you.
The ettin hits you with a dire flail!
The tengu reaver hits you but does no damage.
The tengu reaver pecks you but does no damage.
The tengu reaver claws you but does no damage.
The frost giant points at you and mumbles some strange words.
The bolt of cold misses you. The air elemental closely misses you.
The tengu reaver hits you with a battleaxe of draining!
You feel drained. The tengu reaver closely misses you.
The tengu reaver claws you but does no damage.
Your deep troll goes berserk!
You feel quite a bit more hungry. The air elemental barely misses you.
Sojobo hits you but does no damage. Sojobo pecks you.
Sojobo claws you but does no damage. The air elemental barely misses you.
The ettin hits you with a dire flail!!
* * * LOW HITPOINT WARNING * * *
The ettin hits you with a dire flail.
* * * LOW HITPOINT WARNING * * *
The frost giant casts a spell at you. The bolt of cold misses you.
The tengu reaver hits you but does no damage.
You are electrocuted!
* * * LOW HITPOINT WARNING * * *
The tengu reaver completely misses you.
The tengu reaver claws you but does no damage.
Really read
i - 6 scrolls of blinking {!r}?
Blink to where?
Press: ? - help, Dir - move target cursor, p - Sojobo You are very lightly contaminated with residual magic.
As you read the scroll of blinking {!r}, it crumbles to dust.
The tengu reaver casts a spell at you.
The bolt of lightning hits the air elemental.
The air elemental completely resists.
The bolt of lightning hits you!
You die...

#.....#.....#..........
.......#.....#.....# ......
...###.#.###.#÷###.#.###...
.......#.....#.....#... ...
...................... ..
..........*.[)........
........T...[)÷.......
........C.............
##.....EQ*.E.@........
#....Q.Q....((.......
#......C.[..)........
#....................
#...........)........
#..........[.........
#....................
###......).##........
#..................


You could see Sojobo, a frost giant, 2 tengu reavers, an ettin, 2 air
elementals, 2 battlespheres and a friendly deep troll (berserk).

Vanquished Creatures
  Mara (Snake:4)
  Mennas (Vaults:4)
  Boris (Vaults:3)
  Jorgrun (Snake:3)
  3 sphinxes
  Roxanne (Snake:4)
  15 nagarajas
  Donald (Orc:2)
  2 frost giants
  Ilsuiw (Shoals:4)
  3 fire giants
  Aizul (Snake:1)
  10 vault wardens
  10 very ugly things
  4 stone giants
  8 ironheart preservers
  Azrael (Orc:2)
  A minotaur (Lab)
  6 merfolk javelineers
  2 ettins
  3 fire dragons
  Josephine (D:10)
  11 merfolk impalers
  2 great orbs of eyes
  12 naga warriors
  Harold (Lair:3)
  8 yaktaur captains
  6 vault guards
  A hydra (Lair:6)
  2 ice dragons
  A rakshasa (D:15)
  6 anacondas
  A death knight (D:13)
  Erica (D:8)
  A catoblepas (D:15)
  8 centaur warriors
  12 merfolk aquamancers
  7 merfolk avatars
  4 satyrs
  An alligator snapping turtle (Shoals:4)
  2 dancing weapons (D:14)
  A tengu warrior (D:13)
  23 two-headed ogres
  7 ogre magi
  3 death yaks (D:10)
  A queen ant (Lair:3)
  2 orc high priests
  14 naga sharpshooters
  Urug (D:12)
  4 deep elf knights
  11 shock serpents
  A hell knight (Vaults:4)
  A salamander mystic (Snake:3)
  3 unseen horrors
  25 sea snakes
  3 shadow wraiths
  An unseen horror (shapeshifter) (Vaults:4)
  A glowing orange brain (Depths:1)
  A deep troll (Vaults:3)
  A wolf spider zombie (D:15)
  5 naga ritualists
  7 wizards
  15 orc knights
  3 deep elf archers
  19 harpies
  7 deep elf magi
  A necromancer (Vaults:3)
  12 ironbrand convokers
  5 orc sorcerers (Orc:2)
  9 mana vipers
  A mana viper (shapeshifter) (Vaults:2)
  9 manticores
  2 wolf spiders
  A cyclops (D:13)
  24 fauns
  19 ugly things
  A human skeleton (Vaults:3)
  9 salamanders
  16 merfolk sirens
  A frost giant skeleton (Vaults:3)
  A torpor snail (Lair:3)
  Maurice (Orc:2)
  A black mamba (shapeshifter) (Vaults:1)
  9 elephants (Lair:6)
  5 guardian serpents
  14 vault sentinels
  18 naga magi
  6 water nymphs
  36 black mambas
  A torpor snail (shapeshifter) (Vaults:4)
  11 spiny frogs
  28 yaktaurs
  2 freezing wraiths
  7 rime drakes
  7 komodo dragons
  33 merfolk
  3 meliai (Lair:6)
  8 polar bears
  5 trolls
  5 hornets
  3 tengu conjurers
  17 blink frogs
  5 wind drakes
  A dream sheep (Lair:3)
  2 saltlings (Vaults:1)
  13 snapping turtles
  A hippogriff (shapeshifter) (Vaults:2)
  10 hippogriffs
  A raiju (shapeshifter) (Vaults:2)
  7 slime creatures
  A fire giant simulacrum (Vaults:3)
  A stone giant simulacrum (Vaults:3)
  A spriggan (D:7)
  3 shadows
  44 yaks
  17 water elementals
  An orc simulacrum (Vaults:3)
  8 wraiths
  A fire elemental (Orc:2)
  5 wyverns
  A basilisk (D:14)
  6 fire bats (Lair:4)
  5 hungry ghosts
  2 vampire mosquitoes (D:13)
  6 wargs
  58 nagas
  An acid dragon (D:10)
  A soldier ant (D:12)
  3 swamp worms (Lair:1)
  4 hell hounds (Orc:2)
  25 water moccasins
  9 porcupines
  36 orc warriors
  7 black bears
  4 sky beasts
  A phantom (D:7)
  2 eyes of draining
  37 ogres
  2 ice beasts
  9 boggarts
  A necrophage (D:13)
  17 wolves
  15 centaurs
  10 crocodiles
  3 big kobolds
  A human zombie (Vaults:3)
  14 bullfrogs
  A gnoll sergeant (D:7)
  A water moccasin zombie (D:12)
  A hornet simulacrum (D:15)
  4 scorpions
  A water moccasin skeleton (D:4)
  A human simulacrum (Vaults:1)
  21 killer bees
  18 wights
  4 electric eels
  9 lava snakes (Snake:3)
  8 howler monkeys
  13 crimson imps
  3 quasits
  2 bullfrog zombies
  6 centaur zombies
  7 jellies
  31 orc priests
  7 hounds
  6 centaur skeletons
  48 orc wizards
  6 hell rats
  15 worker ants
  5 hound zombies
  2 hound skeletons
  19 mummies (Ossuary)
  2 howler monkey zombies
  7 worker ant zombies
  15 gnolls
  A howler monkey skeleton (D:10)
  14 adders
  3 shadow imps
  10 white imps (D:11)
  An ooze (Lair:6)
  7 adder zombies
  A dart slug (D:3)
  9 leopard geckos
  94 orcs
  6 bats
  2 bat skeletons (D:2)
  2 giant cockroaches (D:2)
  9 goblins
  5 hobgoblins
  19 jackals
  4 quokkas
  A ball python (D:3)
  3 frilled lizards
  A jackal skeleton (D:2)
  2 jackal zombies
  23 kobolds
  2 leopard gecko skeletons
  A leopard gecko zombie (D:2)
  3 quokka skeletons
  A quokka zombie (Ossuary)
  6 rats
  A fire vortex (Lair:4)
  4 plants
1555 creatures vanquished.

Vanquished Creatures (collateral kills)
  A kraken (Shoals:1)
  A shadow dragon (Depths:1)
  A fire giant (Depths:1)
  A vault warden (Vaults:4)
  2 stone giants
  A vampire knight (Depths:1)
  2 merfolk impalers
  2 vault guards (Vaults:3)
  3 hydras
  Sonja (D:11)
  A faun (Shoals:2)
  An elephant (Lair:3)
  2 yaktaurs
  A queen bee (Lair:6)
  A hippogriff (Lair:3)
  A blink frog (Lair:3)
  A basilisk (Lair:3)
  An acid dragon (D:11)
  2 nagas
  A porcupine (Lair:3)
  3 killer bees (Lair:6)
  2 white imps (D:11)
  A plant (Lair:6)
33 creatures vanquished.

Vanquished Creatures (others)
  A guardian serpent (Snake:2)
  A boggart (Vaults:1)
  8 fungi
  32 plants
  4 tentacles (Shoals:1)
46 creatures vanquished.

Grand Total: 1634 creatures vanquished

Notes
Turn   | Place    | Note
-------+----------+-------------------------------------------
     0 | D:1      | Mgcat the Merfolk Berserker began the quest for the Orb.
     0 | D:1      | Reached XP level 1. HP: 18/18 MP: 1/1
   276 | D:1      | Reached XP level 2. HP: 19/24 MP: 2/2
   330 | D:1      | Reached skill level 5 in Polearms
   413 | D:1      | You fall through a shaft!
   684 | D:1      | Reached skill level 4 in Fighting
   684 | D:1      | Reached XP level 3. HP: 30/30 MP: 3/3
  1078 | D:2      | Reached ** piety under Trog
  1245 | D:2      | Reached XP level 4. HP: 24/38 MP: 4/4
  1400 | D:2      | Reached skill level 6 in Polearms
  1722 | D:2      | Found a bloodstained altar of Trog.
  1722 | D:2      | Found a deep blue altar of Sif Muna.
  2437 | D:3      | Reached XP level 5. HP: 41/43 MP: 5/5
  2578 | D:4      | Reached skill level 5 in Fighting
  2594 | D:4      | Got a spiked ring mail
  2605 | D:4      | Identified the +4 ring mail "Diaghept" {+Inv rF+ SInv} (You found it on level 4 of the Dungeon)
  2625 | D:4      | Found a blossoming altar of Fedhas.
  2627 | D:4      | Noticed a yak
  2630 | D:4      | Found a transporter.
  2748 | D:4      | Reached skill level 7 in Polearms
  2932 | D:4      | Reached *** piety under Trog
  2944 | D:4      | Reached XP level 6. HP: 37/51 MP: 6/6
  3405 | D:4      | Reached skill level 6 in Fighting
  3405 | D:4      | Reached skill level 8 in Polearms
  3597 | D:4      | Found a transporter.
  3782 | D:5      | Entered Level 5 of the Dungeon
  3812 | D:5      | Reached XP level 7. HP: 57/59 MP: 7/7
  3938 | D:5      | Reached skill level 9 in Polearms
  4038 | D:5      | Reached skill level 7 in Fighting
  4104 | D:5      | Found Darel's Book Boutique.
  4288 | D:5      | Reached XP level 8. HP: 45/67 MP: 8/8
  4502 | D:5      | Reached skill level 10 in Polearms
  4806 | D:6      | Reached skill level 1 in Shields
  4821 | D:6      | Reached skill level 8 in Fighting
  4949 | D:6      | Reached skill level 2 in Shields
  5017 | D:6      | Found a shimmering altar of Xom.
  5265 | D:6      | Reached skill level 11 in Polearms
  5379 | D:6      | Found a sparkling altar of Nemelex Xobeh.
  5726 | D:7      | Reached skill level 3 in Shields
  5762 | D:7      | Reached **** piety under Trog
  5817 | D:7      | Found a sand-covered staircase.
  5822 | Ossuary  | Entered an ossuary
  5864 | Ossuary  | Reached XP level 9. HP: 65/75 MP: 9/9
  5914 | Ossuary  | Reached skill level 9 in Fighting
  5995 | Ossuary  | Reached skill level 4 in Shields
  6327 | D:7      | Found a staircase to the Ecumenical Temple.
  6367 | D:7      | Reached skill level 12 in Polearms
  6389 | D:7      | Found Wuanomp's Distillery.
  6539 | D:7      | Found Vaekau's Gadget Shoppe.
  6757 | D:7      | Found Vibaleh's General Store.
  6767 | D:7      | Bought a +1 pair of boots for 149 gold pieces
  6796 | D:7      | Reached skill level 10 in Fighting
  6944 | D:7      | Found Vuetis's Antique Armour Boutique.
  6953 | D:7      | Found Kiffiadgh's Magic Scroll Boutique.
  7021 | D:8      | Noticed Erica
  7024 | D:8      | Noticed a hornet
  7159 | D:7      | Reached skill level 13 in Polearms
  7263 | D:8      | Killed Erica
  7263 | D:8      | Reached skill level 11 in Fighting
  7263 | D:8      | Reached XP level 10. HP: 70/87 MP: 10/10
  7283 | D:8      | Paralysed by a hornet for 3 turns
  7298 | D:8      | Paralysed by a hornet for 1 turns
  7305 | D:8      | Reached ***** piety under Trog
  7335 | D:7      | Reached skill level 14 in Polearms
  7594 | D:8      | Got a jewelled chain mail
  7605 | D:8      | Identified the +2 chain mail "Publiot" {rElec Int+6 Dex-4} (You found it on level 8 of the Dungeon)
  8450 | D:9      | Found a snail-covered altar of Cheibriados.
  8486 | D:9      | Received a gift from Trog
  8564 | D:9      | Reached skill level 12 in Fighting
  8564 | D:9      | Reached skill level 15 in Polearms
  8897 | D:9      | Found a stormy altar of Qazlal.
  8986 | D:9      | Noticed a two-headed ogre
  8994 | D:9      | Killed a two-headed ogre
  8994 | D:9      | Reached XP level 11. HP: 73/96 MP: 3/11
  9160 | D:9      | Found an ornate altar of the Wu Jian Council.
  9274 | D:10     | Entered Level 10 of the Dungeon
  9355 | D:10     | Noticed a death yak
  9372 | D:10     | Killed a death yak
  9397 | D:10     | Noticed a death yak
  9399 | D:10     | Noticed a death yak
  9418 | D:10     | Killed a death yak
  9418 | D:10     | Reached skill level 16 in Polearms
  9427 | D:10     | Reached skill level 13 in Fighting
  9432 | D:10     | HP: 34/147 [death yak (14)]
  9706 | D:10     | Found a staircase to the Orcish Mines.
  9843 | D:10     | Noticed a two-headed ogre
  9852 | D:10     | Killed a two-headed ogre
  9985 | D:10     | Found a staircase to the Lair.
  9993 | D:10     | Noticed a two-headed ogre
 10002 | D:10     | Killed a two-headed ogre
 10014 | D:10     | Reached skill level 17 in Polearms
 10406 | D:10     | Killed a death yak
 10406 | D:10     | Reached skill level 14 in Fighting
 10406 | D:10     | Reached XP level 12. HP: 107/107 MP: 4/12
 10705 | D:11     | Noticed Josephine
 10714 | D:10     | Killed Josephine
 10777 | D:11     | Reached skill level 18 in Polearms
 10933 | D:11     | Noticed Sonja
 10941 | D:11     | Killed Sonja
 11367 | D:11     | Reached skill level 3 in Dodging
 11759 | D:11     | Reached skill level 2 in Armour
 11994 | D:11     | Reached skill level 4 in Dodging
 12179 | Lair:1   | Entered Level 1 of the Lair of Beasts
 12453 | Lair:1   | Received a gift from Trog
 12522 | Lair:1   | Reached skill level 5 in Dodging
 13070 | Lair:2   | Found a staircase to the Snake Pit.
 13080 | Lair:2   | Reached skill level 3 in Armour
 13146 | Lair:2   | Reached skill level 15 in Fighting
 13368 | Lair:2   | Reached skill level 6 in Dodging
 14001 | Lair:3   | Found a labyrinth entrance.
 14001 | Lair:3   | Noticed an eight-headed hydra
 14005 | Lair:3   | Noticed a queen ant
 14005 | Lair:3   | a nine-headed hydra changed into a queen ant
 14010 | Lair:3   | Killed a queen ant
 14010 | Lair:3   | Reached XP level 13. HP: 102/115 MP: 4/13
 14015 | Lab      | Entered a labyrinth
 14304 | Lab      | Noticed a minotaur
 14319 | Lab      | Killed a minotaur
 14409 | Lair:3   | Reached skill level 19 in Polearms
 14500 | Lair:3   | Reached skill level 7 in Dodging
 14533 | Lair:3   | Reached skill level 4 in Armour
 14655 | Lair:3   | Noticed Harold
 14665 | Lair:3   | Killed Harold
 14665 | Lair:3   | Received a gift from Trog
 14919 | Lair:3   | Reached skill level 8 in Dodging
 15547 | Lair:4   | Found a staircase to the Shoals.
 15718 | Lair:4   | Reached skill level 5 in Armour
 15803 | Lair:4   | Reached skill level 9 in Dodging
 16933 | Lair:5   | Reached XP level 14. HP: 98/124 MP: 4/14
 17001 | Lair:5   | Reached skill level 16 in Fighting
 17264 | Lair:6   | Entered Level 6 of the Lair of Beasts
 17457 | Lair:6   | Reached skill level 20 in Polearms
 17498 | Lair:6   | Reached skill level 10 in Dodging
 17508 | Lair:6   | Received a gift from Trog
 17649 | Lair:6   | Reached skill level 6 in Armour
 18198 | Lair:6   | Reached skill level 11 in Dodging
 18214 | Lair:6   | Found a staircase to the Slime Pits.
 18797 | Orc:1    | Entered Level 1 of the Orcish Mines
 18814 | Orc:1    | Received a gift from Trog
 18833 | Orc:1    | Got a scorched glaive {god gift}
 18834 | Orc:1    | Identified the +10 glaive of the Pill Bug {freeze, -Tele rElec Dex+2 Stlth+} (Trog gifted it to you on level 1 of the Orcish Mines)
 18901 | Orc:1    | Reached ****** piety under Trog
 19124 | Orc:2    | Entered Level 2 of the Orcish Mines
 19140 | Orc:2    | Reached skill level 1 in Stealth
 19232 | Orc:2    | Found a staircase to the Elven Halls.
 19330 | Orc:1    | Reached skill level 2 in Stealth
 19574 | Orc:2    | Noticed Maurice
 19580 | Orc:2    | Killed Maurice
 19656 | Orc:2    | Found a burning altar of Makhleb.
 19659 | Orc:2    | Noticed Donald
 19681 | Orc:2    | Reached XP level 15. HP: 113/132 MP: 15/15
 19685 | Orc:2    | Killed Donald
 19688 | Orc:2    | Reached skill level 3 in Stealth
 19856 | Orc:2    | Reached skill level 7 in Armour
 19863 | Orc:2    | Received a gift from Trog
 19901 | Orc:2    | Noticed Azrael
 19934 | Orc:2    | Killed Azrael
 20085 | Orc:2    | Reached skill level 21 in Polearms
 20089 | Orc:2    | Found Noelets's Gadget Shoppe.
 20091 | Orc:2    | Found Yfup's Jewellery Shoppe.
 20097 | Orc:2    | Found Seskonee's Jewellery Emporium.
 20129 | Orc:2    | Found Dulala's Antique Armour Emporium.
 20155 | Orc:2    | Bought the ring of Wadirph {rElec AC+6 Int+3} for 1179 gold pieces
 20177 | Orc:2    | Bought a twisted chain mail for 342 gold pieces
 20178 | Orc:2    | Bought a cursed -3 ring of dexterity for 20 gold pieces
 20198 | Orc:2    | Identified the +1 chain mail of Piokip Pank {rPois Str+4 Slay+3} (You bought it in a shop on level 2 of the Orcish Mines)
 20486 | D:12     | Reached skill level 12 in Dodging
 20517 | D:12     | Reached skill level 4 in Stealth
 20538 | D:12     | Noticed Urug
 20544 | D:12     | Reached skill level 17 in Fighting
 20552 | D:12     | Killed Urug
 20554 | D:12     | Received a gift from Trog
 21546 | D:13     | Reached skill level 5 in Stealth
 21692 | D:13     | HP: 30/134 [??? (28)]
 21969 | D:14     | Found a portal to a secret trove of treasure.
 22147 | D:14     | Received a gift from Trog
 22365 | D:14     | Reached skill level 6 in Stealth
 22391 | D:14     | Found a gate to the Vaults.
 22703 | D:15     | Entered Level 15 of the Dungeon
 22790 | D:15     | Found a staircase to the Depths.
 22790 | D:15     | Noticed a fire giant
 22800 | D:15     | Killed a fire giant
 22800 | D:15     | Reached skill level 13 in Dodging
 22963 | D:15     | Reached XP level 16. HP: 138/141 MP: 16/16
 23040 | D:15     | Reached skill level 8 in Armour
 23755 | Shoals:1 | Entered Level 1 of the Shoals
 23793 | Shoals:1 | Reached skill level 7 in Stealth
 23802 | Shoals:1 | Received a gift from Trog
 24009 | Lair:4   | HP: 21/142 [wind drake/the air (25)]
 24012 | Lair:4   | HP: 6/142 [sea snake (12)]
 24697 | Shoals:1 | Reached skill level 8 in Stealth
 24742 | Shoals:1 | Reached skill level 22 in Polearms
 24831 | Shoals:1 | Noticed a kraken
 24842 | Shoals:1 | Killed a kraken
 25457 | Shoals:2 | Reached skill level 1 in Evocations
 25618 | Shoals:2 | Found Gotaf Fog's Assorted Antiques.
 25626 | Shoals:2 | Bought a scroll of enchant armour for 195 gold pieces
 25746 | Shoals:2 | Received a gift from Trog
 25753 | Shoals:2 | Reached skill level 14 in Dodging
 25768 | Shoals:2 | HP: 32/143 [merfolk impaler/trident of venom (14)]
 25777 | Shoals:2 | Got a smoking glaive {god gift}
 25778 | Shoals:2 | Identified the +7 glaive of Bodweh {chop, Str+4 Dex+7} (Trog gifted it to you on level 2 of the Shoals)
 25987 | Shoals:2 | Reached skill level 2 in Evocations
 26436 | Shoals:3 | Reached skill level 18 in Fighting
 26683 | Shoals:3 | Reached XP level 17. HP: 75/149 MP: 19/19
 26686 | Shoals:3 | HP: 34/149 [satyr/sling bullet (11)]
 26861 | Shoals:3 | Reached skill level 9 in Stealth
 26861 | Shoals:3 | Reached skill level 3 in Evocations
 26999 | Shoals:3 | Reached skill level 9 in Armour
 27514 | Shoals:3 | Reached skill level 4 in Evocations
 27573 | Shoals:3 | Received a gift from Trog
 27723 | Shoals:4 | Entered Level 4 of the Shoals
 28160 | Shoals:4 | Reached skill level 10 in Stealth
 28270 | Shoals:4 | Reached skill level 15 in Dodging
 28370 | Shoals:4 | Got a twisted plate armour
 28415 | Shoals:4 | Reached skill level 5 in Evocations
 28529 | Shoals:4 | Got a barnacled rune of Zot
 28631 | Shoals:4 | Got a jewelled chain mail
 28644 | Shoals:4 | Identified the +6 chain mail of the Prince {Dex+4} (You found it on level 4 of the Shoals)
 28654 | Shoals:4 | Identified the +6 plate armour of Wunaitao {rF+ rCorr Int+3} (You took it off a merfolk javelineer on level 4 of the Shoals)
 28915 | Shoals:4 | Received a gift from Trog
 28918 | Shoals:4 | Got a steaming trident {god gift}
 29126 | Shoals:4 | Noticed Ilsuiw
 29162 | Shoals:4 | Killed Ilsuiw
 29162 | Shoals:4 | Reached XP level 18. HP: 134/158 MP: 22/22
 29713 | Orc:2    | Bought the ring "Kanisai" {rF+ Str+3 SInv} for 339 gold pieces
 29806 | Snake:1  | Entered Level 1 of the Snake Pit
 29866 | Snake:1  | Got a crude leather armour
 30103 | Snake:1  | Reached skill level 6 in Evocations
 30177 | Snake:1  | Noticed Aizul
 30197 | Snake:1  | Killed Aizul
 30198 | Snake:1  | Reached skill level 23 in Polearms
 30690 | Snake:2  | Found Aptoshreimi's Weapon Shoppe.
 30694 | Snake:2  | Found Onluev's Distillery.
 30695 | Snake:2  | Found Torith's Antique Weapon Shoppe.
 30716 | Snake:2  | Reached skill level 11 in Stealth
 31004 | Snake:2  | Received a gift from Trog
 31079 | Snake:2  | Found Fapna's General Store.
 31445 | Snake:2  | Reached skill level 10 in Armour
 31776 | Snake:3  | Found Hoamoez's General Store.
 31865 | Snake:3  | Noticed Jorgrun
 31869 | Snake:3  | Reached skill level 7 in Evocations
 31872 | Snake:3  | Reached skill level 16 in Dodging
 31880 | Snake:3  | Killed Jorgrun
 31893 | Snake:3  | HP: 38/159 [naga sharpshooter/arrow (10)]
 31903 | Snake:3  | HP: 39/159 [naga sharpshooter/uncursed mace (8)]
 32056 | Snake:3  | Reached skill level 19 in Fighting
 32229 | Snake:3  | Received a gift from Trog
 32492 | Snake:4  | Entered Level 4 of the Snake Pit
 32494 | Snake:4  | Identified a scroll of acquirement
 32518 | Snake:4  | Noticed Mara
 32718 | Vaults:1 | Entered Level 1 of the Vaults
 32791 | Vaults:1 | Reached XP level 19. HP: 151/166 MP: 24/24
 32988 | Vaults:1 | Found Nienioc's Gadget Emporium.
 33137 | Vaults:1 | Reached skill level 12 in Stealth
 33189 | Vaults:1 | Reached skill level 8 in Evocations
 33344 | Vaults:1 | Received a gift from Trog
 34364 | Vaults:2 | Found a staircase to the Crypt.
 34364 | Vaults:2 | Found a basalt altar of Yredelemnul.
 34365 | Vaults:2 | Found an ancient bone altar of Kikubaaqudgha.
 34905 | Vaults:2 | Received a gift from Trog
 35624 | Vaults:3 | Reached skill level 17 in Dodging
 35727 | Vaults:3 | Reached skill level 24 in Polearms
 35765 | Vaults:3 | Reached skill level 9 in Evocations
 35832 | Vaults:3 | Reached XP level 20. HP: 174/174 MP: 26/26
 35918 | Vaults:3 | Received a gift from Trog
 35918 | Vaults:3 | Reached skill level 13 in Stealth
 36019 | Vaults:3 | Reached skill level 11 in Armour
 36489 | Vaults:3 | Received a gift from Trog
 36806 | Vaults:3 | Noticed Boris
 36843 | Vaults:3 | Killed Boris
 37203 | Vaults:4 | Found a sacrificial altar of Ru.
 37245 | Vaults:4 | HP: 41/176 [yaktaur captain (4)]
 37253 | Vaults:4 | HP: 38/176 [ettin/dire flail of protection (35)]
 37256 | Vaults:4 | HP: 12/176 [yaktaur captain (17)]
 37559 | Vaults:3 | HP: 38/176 [stone giant/large rock (9)]
 37579 | Vaults:3 | HP: 38/176 [stone giant/large rock (29)]
 37729 | Vaults:4 | Reached skill level 10 in Evocations
 37830 | Vaults:4 | Reached skill level 20 in Fighting
 38108 | Vaults:4 | Noticed Mennas
 38131 | Vaults:4 | Killed Mennas
 38131 | Vaults:4 | Reached skill level 18 in Dodging
 38171 | Vaults:4 | Received a gift from Trog
 38177 | Vaults:4 | Reached skill level 14 in Stealth
 38270 | Vaults:4 | Reached XP level 21. HP: 172/183 MP: 28/28
 39172 | Snake:4  | Noticed Roxanne
 39176 | Snake:4  | Noticed Mgcat's illusion
 39181 | Snake:4  | Killed Mara
 39892 | Snake:4  | Killed Roxanne
 39893 | Snake:4  | Identified Roxanne's Volume of Transmutation (You took it off Roxanne on level 4 of the Snake Pit)
 40108 | Snake:4  | Received a gift from Trog
 40266 | Snake:4  | Reached skill level 25 in Polearms
 40811 | Snake:4  | Got a serpentine rune of Zot
 41053 | D:7      | Bought a scroll of magic mapping for 42 gold pieces
 41053 | D:7      | Bought a scroll of enchant armour for 90 gold pieces
 41053 | D:7      | Bought a scroll of enchant armour for 90 gold pieces
 41237 | Depths:1 | Entered Level 1 of the Depths
 41266 | Depths:1 | Received a gift from Trog
 41269 | Depths:1 | Reached skill level 12 in Armour
 41528 | Depths:1 | Noticed Sojobo
 41540 | Depths:1 | HP: 42/184 [ettin/dire flail (32)]
 41541 | Depths:1 | Killed from afar by a tengu reaver

Vault maps used:
D:1:      kennysheep_arrival_seaside, kennysheep_minor_cross, nrook_uturn,
          minmay_curled_crystal, minmay_ruptured
D:2:      gammafunk_temple_overflow_elements, serial_undead, serial_undead_c,
          serial_undead_c, serial_undead_b, serial_undead_d, serial_undead_d,
          serial_undead_a
D:3:      first_ration, lemuel_old_faithful
D:4:      gammafunk_temple_overflow_arena
D:5:      serial_shops, shop, grunt_decor_one_mirror
D:6:      lemuel_doored_altar, kennysheep_mini_moat, grunt_ministairs_7
D:7:      temple_pool_b, nicolae_ossuary_entry_ruins, serial_shops, shop,
          nicolae_shop_behind_doors, shop, nicolae_shop_behind_doors,
          kennysheep_little_box, the_bakery
D:8:      uniq_erica
D:9:      marbit_many_paths, basic_altar, kennysheep_pointless_box,
          nicolae_qazlal_eye_of_the_storm
D:10:     dpeg_lair_monsters, orc_david_3, grunt_potential
D:11:     portal_ice_cave_entry_imps, minmay_orc_keep, uniq_sonja,
          uniq_josephine
D:12:     uniq_urug
D:13:     minmay_door_square
D:14:     erik_vaults_1, nicolae_trove_entry_crossroad,
          minmay_misc_feat_four_crosses
D:15:     grunt_enter_depths_giant_problem, minivault_25
Lair:1:   worms_lemuel, grunt_megastairs_1, infiniplex_staircase_pool,
          serial_bayou_shore_b, serial_bayou_shore_a
Lair:2:   minmay_snake_entry_guardpost_small
Lair:3:   beast_lair_carwin_large_2, lab_entry_generic,
          hangedman_lair_unloving_vines, nzn_random_ring, uniq_harold
Lair:4:   elwin_shoals_entry_stream, eino_small_chamber_without_monster,
          st_stairs_6, serial_bayou_shore_b
Lair:6:   gammafunk_lair_ancient_temple, nicolae_slime_entry_slimehenge,
          special_room
Shoals:1: cheibrodos_shoals_three_sisters, nicolae_shoals_circle_sea_wall,
          abandoned_shop
Shoals:2: serial_shops, shop
Shoals:3: nicolae_shoals_mertower
Shoals:4: shoals_end_grunt_ice, shoal_ilsuiw
Snake:1:  serial_bayou_pond_b, minmay_snake_pond, uniq_aizul
Snake:2:  serial_shops, shop, nicolae_coiled_stairwell_up, minmay_shop_star
Snake:3:  serial_shops, shop, nicolae_snake_lava_pool, uniq_jorgrun
Snake:4:  minmay_snake_end_coiled, serial_corexii_hall,
          corexii_hall_statues_deadend, corexii_hall_statues_deadend, uniq_mara,
          uniq_roxanne
Orc:2:    st_orc_mages, basic_altar, mines2_lemuel, uniq_azrael, uniq_donald,
          uniq_maurice
Vaults:1: vaults_mumra_hex, ontoclasm_vaults_chip, v_misc_1,
          nicolae_vaults_little_ls, nicolae_vaults_inception_corners,
          nicolae_vaults_yaktaur_gun_rack, v_misc_18,
          ontoclasm_vaults_ring_small, ontoclasm_vaults_hangar,
          nicolae_vaults_big_angled_halls, grunt_vaults_hallway_short,
          ontoclasm_vaults_ring_small, serial_shops,
          nicolae_shop_temple_entry_statues_fountains,
          portal_desolation_entry_salt
Vaults:2: minmay_crypt_entry_necro_gods, v_misc_24, v_misc_10,
          dpeg_vaults_monster_box, v_misc_26
Vaults:3: hangedman_vaults_pinch, ontoclasm_vaults_ligature,
          hangedman_vaults_slither, nicolae_vaults_network_periphery,
          v_pattern_5, vaults_room_large_hall,
          nicolae_vaults_windows_and_doors_thing, v_misc_2,
          ontoclasm_vaults_decontamination, ontoclasm_vaults_shuriken,
          nicolae_vaults_little_squares_1, nicolae_vaults_shelves_hall,
          uniq_boris
Vaults:4: v_alt_pattern_2, st_diamondy, ontoclasm_vaults_bender,
          ontoclasm_vaults_ring_square, v_misc_30, hangedman_vaults_restitches,
          nicolae_vaults_border_crossing, vaults_room_large_hall,
          vaults_mumra_minichess, hangedman_vaults_snaps,
          vaults_room_large_hall, nicolae_vaults_ring_of_whatevers,
          hangedman_vaults_impose, nicolae_vaults_little_squares_4, basic_altar,
          uniq_mennas
Depths:1: hangedman_cross_stitches, grunt_decor_resistance,
          grunt_pan_entry_in_and_out, hell_entry, minmay_misc_feat_encased,
          lightli_giant_bouncers, uniq_sojobo, uniq_enchantress
Lab:      labyrinth_hidden_loot, labyrinth_glass_1
Ossuary:  ossuary_zaba_flooded

Skill      XL: |  1  2  3  4  5  6  7  8  9 10 11 12 13 14 15 16 17 18 19 20 21 |
---------------+----------------------------------------------------------------+-----
Polearms       | 5 6 7 8 9 11 13 15 17 18 19 20 21 22 23 24 25 | 25.2
Fighting       | 4 5 6 7 8 11 12 14 15 16 17 18 19 20 | 20.5
Shields        | 3 4 |  4.0
Dodging        | 6 9 11 13 14 15 16 17 18 | 18.8
Armour         | 3 5 6 7 8 9 10 11 12 | 12.0
Stealth        | 2 6 8 10 11 12 14 | 14.9
Evocations     | 2 5 7 9 10 | 10.0

Action                   |  1- 3 |  4- 6 |  7- 9 | 10-12 | 13-15 | 16-18 | 19-21 || total
-------------------------+-------+-------+-------+-------+-------+-------+-------++-------
Melee: Spear             |   121 |   284 |   731 |   260 |       |       |       ||  1396
       Tailslap          |       |       |     1 |     4 |     6 |    28 |       ||    39
       Glaive            |       |       |       |   592 |  1366 |  1041 |   800 ||  3799
       Bardiche          |       |       |       |       |       |   197 |   591 ||   788
Invok: Berserk           |     1 |       |     1 |     8 |     3 |     8 |     2 ||    23
       Trog's Hand       |       |       |       |     2 |     6 |     6 |    10 ||    24
       Brothers in Arms  |       |       |       |     2 |     2 |     3 |    13 ||    20
Evoke: Wand              |       |       |       |     5 |     2 |     8 |     2 ||    17
       Phantom mirror    |       |       |       |       |       |     1 |       ||     1
  Use: Scroll            |       |    14 |     1 |    15 |    13 |     9 |     6 ||    58
       Potion            |       |       |       |     5 |       |     6 |     9 ||    20
 Stab: Sleeping          |     1 |       |       |       |    13 |     6 |     3 ||    23
       Paralysed         |       |       |       |       |     6 |     3 |       ||     9
       Distracted        |       |       |       |       |     4 |     9 |     3 ||    16
  Eat: Chunk             |     2 |     8 |    10 |    34 |    33 |    30 |    24 ||   141
       Ration            |       |       |     2 |       |     1 |     4 |     4 ||    11
Armor: Leather armour    |    20 |    21 |       |       |       |       |       ||    41
       Ring mail         |       |    33 |   121 |   223 |   278 |   202 |       ||   857
       Plate armour      |       |       |       |       |       |   205 |   491 ||   696
Dodge: Dodged            |    72 |   130 |   160 |   284 |   854 |   758 |   586 ||  2844
Block: Buckler           |       |       |    68 |    35 |       |       |       ||   103

Table legend:
 A = Spawn XP
 B = Non-spawn XP
 C = Spawn XP percentage of total XP
 D = Spawn monster count
 E = Non-spawn monster count
 F = Spawn count percentage of total count
 G = Total turns spent on level
                    A         B        C        D         E        F      G
               +---------+---------+-------+---------+---------+-------+---------
         Total |       0 |  577281 |   0.0 |       0 |    1583 |   0.0 | 41541
               +---------+---------+-------+---------+---------+-------+---------
           D:1 |       0 |      36 |   0.0 |       0 |      20 |   0.0 |   936
           D:2 |       0 |      88 |   0.0 |       0 |      24 |   0.0 |  1083
           D:3 |       0 |      58 |   0.0 |       0 |      18 |   0.0 |   689
           D:4 |       0 |     364 |   0.0 |       0 |      19 |   0.0 |  1273
           D:5 |       0 |     939 |   0.0 |       0 |      29 |   0.0 |  1048
           D:6 |       0 |     629 |   0.0 |       0 |      15 |   0.0 |   680
           D:7 |       0 |    1609 |   0.0 |       0 |      34 |   0.0 |  1203
           D:8 |       0 |    3162 |   0.0 |       0 |      31 |   0.0 |  1068
           D:9 |       0 |    1810 |   0.0 |       0 |      30 |   0.0 |  1230
          D:10 |       0 |   11242 |   0.0 |       0 |      49 |   0.0 |  1426
          D:11 |       0 |    4340 |   0.0 |       0 |      49 |   0.0 |  1446
          D:12 |       0 |    8160 |   0.0 |       0 |      57 |   0.0 |   744
          D:13 |       0 |    8132 |   0.0 |       0 |      28 |   0.0 |   937
          D:14 |       0 |   11644 |   0.0 |       0 |      38 |   0.0 |   783
          D:15 |       0 |   10655 |   0.0 |       0 |      25 |   0.0 |  1017
        Lair:1 |       0 |    3749 |   0.0 |       0 |      22 |   0.0 |  1075
        Lair:2 |       0 |    3005 |   0.0 |       0 |      14 |   0.0 |  1012
        Lair:3 |       0 |   10784 |   0.0 |       0 |      42 |   0.0 |  1283
        Lair:4 |       0 |   11832 |   0.0 |       0 |      43 |   0.0 |  1581
        Lair:5 |       0 |    4246 |   0.0 |       0 |      24 |   0.0 |   852
        Lair:6 |       0 |   22847 |   0.0 |       0 |      94 |   0.0 |  1417
      Shoals:1 |       0 |   23799 |   0.0 |       0 |      44 |   0.0 |  1062
      Shoals:2 |       0 |   12924 |   0.0 |       0 |      25 |   0.0 |  1349
      Shoals:3 |       0 |   29218 |   0.0 |       0 |      48 |   0.0 |  1154
      Shoals:4 |       0 |   42894 |   0.0 |       0 |      73 |   0.0 |  1615
       Snake:1 |       0 |   18961 |   0.0 |       0 |      44 |   0.0 |   768
       Snake:2 |       0 |   20499 |   0.0 |       0 |      41 |   0.0 |  1345
       Snake:3 |       0 |   26965 |   0.0 |       0 |      45 |   0.0 |   945
       Snake:4 |       0 |   61689 |   0.0 |       0 |      91 |   0.0 |  1605
         Orc:1 |       0 |    5046 |   0.0 |       0 |      55 |   0.0 |   619
         Orc:2 |       0 |   12472 |   0.0 |       0 |      82 |   0.0 |  1078
      Vaults:1 |       0 |   46621 |   0.0 |       0 |      85 |   0.0 |  1545
      Vaults:2 |       0 |   22240 |   0.0 |       0 |      40 |   0.0 |  1397
      Vaults:3 |       0 |   77609 |   0.0 |       0 |     103 |   0.0 |  2056
      Vaults:4 |       0 |   39614 |   0.0 |       0 |      46 |   0.0 |  1251
      Depths:1 |       0 |   15527 |   0.0 |       0 |      19 |   0.0 |   183
           Lab |       0 |    1162 |   0.0 |       0 |       1 |   0.0 |   339
       Ossuary |       0 |     710 |   0.0 |       0 |      36 |   0.0 |   447
               +---------+---------+-------+---------+---------+-------+---------

Vault maps used:
D:1:      kennysheep_arrival_seaside, kennysheep_minor_cross, nrook_uturn,
          minmay_curled_crystal, minmay_ruptured
D:2:      gammafunk_temple_overflow_elements, serial_undead, serial_undead_c,
          serial_undead_c, serial_undead_b, serial_undead_d, serial_undead_d,
          serial_undead_a
D:3:      first_ration, lemuel_old_faithful
D:4:      gammafunk_temple_overflow_arena
D:5:      serial_shops, shop, grunt_decor_one_mirror
D:6:      lemuel_doored_altar, kennysheep_mini_moat, grunt_ministairs_7
D:7:      temple_pool_b, nicolae_ossuary_entry_ruins, serial_shops, shop,
          nicolae_shop_behind_doors, shop, nicolae_shop_behind_doors,
          kennysheep_little_box, the_bakery
D:8:      uniq_erica
D:9:      marbit_many_paths, basic_altar, kennysheep_pointless_box,
          nicolae_qazlal_eye_of_the_storm
D:10:     dpeg_lair_monsters, orc_david_3, grunt_potential
D:11:     portal_ice_cave_entry_imps, minmay_orc_keep, uniq_sonja,
          uniq_josephine
D:12:     uniq_urug
D:13:     minmay_door_square
D:14:     erik_vaults_1, nicolae_trove_entry_crossroad,
          minmay_misc_feat_four_crosses
D:15:     grunt_enter_depths_giant_problem, minivault_25
Lair:1:   worms_lemuel, grunt_megastairs_1, infiniplex_staircase_pool,
          serial_bayou_shore_b, serial_bayou_shore_a
Lair:2:   minmay_snake_entry_guardpost_small
Lair:3:   beast_lair_carwin_large_2, lab_entry_generic,
          hangedman_lair_unloving_vines, nzn_random_ring, uniq_harold
Lair:4:   elwin_shoals_entry_stream, eino_small_chamber_without_monster,
          st_stairs_6, serial_bayou_shore_b
Lair:6:   gammafunk_lair_ancient_temple, nicolae_slime_entry_slimehenge,
          special_room
Shoals:1: cheibrodos_shoals_three_sisters, nicolae_shoals_circle_sea_wall,
          abandoned_shop
Shoals:2: serial_shops, shop
Shoals:3: nicolae_shoals_mertower
Shoals:4: shoals_end_grunt_ice, shoal_ilsuiw
Snake:1:  serial_bayou_pond_b, minmay_snake_pond, uniq_aizul
Snake:2:  serial_shops, shop, nicolae_coiled_stairwell_up, minmay_shop_star
Snake:3:  serial_shops, shop, nicolae_snake_lava_pool, uniq_jorgrun
Snake:4:  minmay_snake_end_coiled, serial_corexii_hall,
          corexii_hall_statues_deadend, corexii_hall_statues_deadend, uniq_mara,
          uniq_roxanne
Orc:2:    st_orc_mages, basic_altar, mines2_lemuel, uniq_azrael, uniq_donald,
          uniq_maurice
Vaults:1: vaults_mumra_hex, ontoclasm_vaults_chip, v_misc_1,
          nicolae_vaults_little_ls, nicolae_vaults_inception_corners,
          nicolae_vaults_yaktaur_gun_rack, v_misc_18,
          ontoclasm_vaults_ring_small, ontoclasm_vaults_hangar,
          nicolae_vaults_big_angled_halls, grunt_vaults_hallway_short,
          ontoclasm_vaults_ring_small, serial_shops,
          nicolae_shop_temple_entry_statues_fountains,
          portal_desolation_entry_salt
Vaults:2: minmay_crypt_entry_necro_gods, v_misc_24, v_misc_10,
          dpeg_vaults_monster_box, v_misc_26
Vaults:3: hangedman_vaults_pinch, ontoclasm_vaults_ligature,
          hangedman_vaults_slither, nicolae_vaults_network_periphery,
          v_pattern_5, vaults_room_large_hall,
          nicolae_vaults_windows_and_doors_thing, v_misc_2,
          ontoclasm_vaults_decontamination, ontoclasm_vaults_shuriken,
          nicolae_vaults_little_squares_1, nicolae_vaults_shelves_hall,
          uniq_boris
Vaults:4: v_alt_pattern_2, st_diamondy, ontoclasm_vaults_bender,
          ontoclasm_vaults_ring_square, v_misc_30, hangedman_vaults_restitches,
          nicolae_vaults_border_crossing, vaults_room_large_hall,
          vaults_mumra_minichess, hangedman_vaults_snaps,
          vaults_room_large_hall, nicolae_vaults_ring_of_whatevers,
          hangedman_vaults_impose, nicolae_vaults_little_squares_4, basic_altar,
          uniq_mennas
Depths:1: hangedman_cross_stitches, grunt_decor_resistance,
          grunt_pan_entry_in_and_out, hell_entry, minmay_misc_feat_encased,
          lightli_giant_bouncers, uniq_sojobo, uniq_enchantress
Lab:      labyrinth_hidden_loot, labyrinth_glass_1
Ossuary:  ossuary_zaba_flooded

Table legend:
 A = Turns spent in this place as a percentage of turns spent in the entire game.
 B = Non-inter-level travel turns spent in this place as a percentage of non-inter-level travel turns spent in the entire game.
 C = Inter-level travel turns spent in this place as a percentage of turns spent in this place.
 D = Turns resting spent in this place as a percentage of non-inter-level travel turns spent in this place.
 E = Turns spent auto-exploring this place as a percentage of non-inter-level travel turns spent in this place.
 F = Non-inter-level travel turns spent in this place divided by the number of levels of this place that you've seen.
                   A       B       C       D       E      F
               +-------+-------+-------+-------+-------+----------------------
         Total | 100.0 | 100.0 |   8.5 |   3.3 |  66.6 | 999.9
       Dungeon |  37.5 |  37.4 |   8.8 |   2.5 |  71.9 | 946.6
          Lair |  17.4 |  16.6 |  12.4 |   4.4 |  70.3 | 1054.0
        Shoals |  12.5 |  12.8 |   5.9 |   4.0 |  59.3 | 1218.2
     Snake Pit |  11.2 |  11.3 |   7.9 |   3.2 |  63.3 | 1074.0
  Orcish Mines |   4.1 |   4.0 |  11.2 |   0.0 |  60.1 | 753.5
        Vaults |  15.0 |  15.3 |   6.7 |   3.5 |  67.1 | 1457.5
        Depths |   0.4 |   0.5 |   0.5 |   0.0 |  39.6 | 182.0
     Labyrinth |   0.8 |   0.9 |   0.0 |  19.5 |   0.0 | 339.0
       Ossuary |   1.1 |   1.2 |   0.0 |   0.0 |  36.5 | 447.0
               +-------+-------+-------+-------+-------+----------------------

Table legend:
 A = Kills in this place as a percentage of kills in entire the game.
 B = Kills by you in this place as a percentage of kills by you in the entire game.
 C = Kills by friends in this place as a percentage of kills by friends in the entire game.
 D = Other kills in this place as a percentage of other kills in the entire game.
 E = Experience gained in this place as a percentage of experience gained in the entire game.
 F = Experience gained in this place divided by the number of levels of this place that you have seen.
                   A       B       C       D       E      F
               +-------+-------+-------+-------+-------+----------------------
         Total | 100.0 | 100.0 | 100.0 | 100.0 | 100.0 | 15191.6
       Dungeon |  29.4 |  29.8 |  12.5 |   0.0 |  10.9 | 4191.2
          Lair |  15.1 |  14.6 |  37.5 |   0.0 |   9.8 | 9410.5
        Shoals |  12.0 |  12.0 |  12.5 |   0.0 |  18.9 | 27208.8
     Snake Pit |  14.0 |  14.1 |   6.2 | 100.0 |  22.2 | 32028.5
  Orcish Mines |   8.7 |   8.8 |   0.0 |   0.0 |   3.0 | 8759.0
        Vaults |  17.3 |  17.4 |  15.6 |   0.0 |  32.2 | 46521.0
        Depths |   1.2 |   0.9 |  15.6 |   0.0 |   2.7 | 15527.0
     Labyrinth |   0.1 |   0.1 |   0.0 |   0.0 |   0.2 | 1162.0
       Ossuary |   2.3 |   2.3 |   0.0 |   0.0 |   0.1 | 710.0
               +-------+-------+-------+-------+-------+----------------------
